[Event "Titled Tuesday Blitz October 31 Early 2023"]
[White "MFatigue"]
[Black "Hayrapetyan, Hovik"]
[BlackFideId "13302639"]
[WhiteElo "2489"]
[BlackElo "2770"]
[Result "0-1"]
[Round "3"]
[TimeControl "180+1"]
[Date "2023.10.31"]
[WhiteClock "0:00:06"]
[BlackClock "0:00:07"]
[Board "72"]

1. e4 c5 2. a3 g6 3. h4 Nf6 4. Nc3 d6 5. Bc4 Bg7 6. d3 Nc6 7. Nge2 a6 8. Ba2 b5 9. Be3 Bb7 10. Qd2 h5 11. Bg5 e6 12. O-O Qb6 13. Rad1 Nd7 14. Rde1 a5 15. Bb1 b4 16. axb4 axb4 17. Nd1 Ra1 18. Ne3 Ba6 19. b3 Nd4 20. Nxd4 Bxd4 21. Qe2 f6 22. Bf4 Kf7 23. g4 hxg4 24. Qxg4 Rh5 25. Bg3 Ne5 26. Qe2 Nc6 27. Kg2 Bc3 28. Rd1 Nd4 29. Qg4 f5 30. exf5 Bb7+ 31. f3 exf5 32. Qf4 Ne2 33. Qc4+ Kg7 34. Nd5 Bxd5 35. Qxd5 Nxg3 36. Kxg3 Qd8 37. Qc4 Qf6 38. Kg2 Rxh4 39. Qb5 Qg5+ 40. Kf2 Rh2# 0-1


[Site "https://www.chess.com"]

[Event "Titled Tuesday Blitz October 31 Early 2023"]
[White "Samsonkin, Artiom"]
[Black "Mndapoetzz04"]
[WhiteFideId "13503111"]
[WhiteElo "2764"]
[BlackElo "2489"]
[Result "0-1"]
[Round "3"]
[TimeControl "180+1"]
[Date "2023.10.31"]
[WhiteClock "0:00:00"]
[BlackClock "0:00:03"]
[Board "73"]

1. e4 c5 2. Nf3 Nc6 3. Bb5 g6 4. c3 Bg7 5. d4 cxd4 6. cxd4 Nf6 7. Nc3 d5 8. Ne5 O-O 9. Nxc6 bxc6 10. Bxc6 Ba6 11. Bxa8 Qxa8 12. e5 Ne4 13. Ne2 f6 14. f3 fxe5 15. fxe4 exd4 16. e5 Rf5 17. Nxd4 Rxe5+ 18. Kf2 Re4 19. Nf3 Re2+ 20. Kg3 d4 21. Re1 Be5+ 22. Kh4 Qe4+ 23. g4 Qxf3 24. Rxe2 Bxe2 25. Qb3+ Qxb3 26. axb3 d3 27. Rxa7 Bxb2 28. Bd2 h6 29. Kg3 Be5+ 30. Kg2 Bd6 31. h3 Bd1 32. b4 Bb3 33. b5 Kf7 0-1


[Site "https://www.chess.com"]

[Event "Titled Tuesday Blitz October 31 Early 2023"]
[White "Tatarinov, Dmitry"]
[Black "Avazkhonov, Alikhon"]
[WhiteFideId "24160067"]
[BlackFideId "14208504"]
[WhiteElo "2764"]
[BlackElo "2488"]
[Result "0-1"]
[Round "3"]
[TimeControl "180+1"]
[Date "2023.10.31"]
[WhiteClock "0:01:00"]
[BlackClock "0:00:04"]
[Board "74"]

1. Nf3 d5 2. d4 c6 3. c4 e6 4. e3 Bd6 5. Bd3 f5 6. O-O Nf6 7. b3 O-O 8. Bb2 Qe7 9. Nc3 b6 10. Qc2 Bb7 11. cxd5 cxd5 12. Nb5 Nbd7 13. Nxd6 Qxd6 14. Ne5 Rac8 15. Qe2 Ne4 16. Rfc1 Rxc1+ 17. Rxc1 Nxe5 18. dxe5 Qe7 19. f3 Nc5 20. Ba3 Rc8 21. Qd2 Qd8 22. Be2 Ba6 23. Rxc5 Rxc5 24. Bxc5 Bxe2 25. Bxb6 Qxb6 26. Qxe2 f4 27. Kf2 Qc5 28. g3 fxe3+ 29. Qxe3 d4 30. Qe4 d3+ 31. Qe3 Qc2+ 32. Ke1 Qb1+ 33. Kd2 Qc2+ 34. Ke1 Qb1+ 35. Kf2 Qxa2+ 36. Ke1 Qb1+ 37. Kf2 Qxb3 38. Qxa7 Qc2+ 39. Ke3 Qe2+ 40. Kf4 d2 41. Qb8+ Kf7 42. Qc7+ Kg6 43. Qc2+ Kh6 44. Qc6 d1=Q 45. Qxe6+ g6 46. Qh3+ Kg7 47. Qe6 Qdd2+ 48. Kg4 Qd4+ 49. Kg5 Qexe5+ 50. Qf5 Qxf5# 0-1


[Site "https://www.chess.com"]

[Event "Titled Tuesday Blitz October 31 Early 2023"]
[White "Cervantes Landeiro, Thalia"]
[Black "Costachi, Mihnea"]
[WhiteFideId "3520498"]
[BlackFideId "1217518"]
[WhiteElo "2484"]
[BlackElo "2752"]
[Result "1/2-1/2"]
[Round "3"]
[TimeControl "180+1"]
[Date "2023.10.31"]
[WhiteClock "0:00:13"]
[BlackClock "0:01:10"]
[Board "75"]

1. d4 Nf6 2. c4 Nc6 3. Nf3 e6 4. g3 Bb4+ 5. Nbd2 b6 6. Bg2 Bb7 7. a3 Be7 8. O-O O-O 9. e4 d6 10. b4 e5 11. d5 Nb8 12. Qc2 c5 13. b5 Bc8 14. a4 a5 15. Ne1 Ne8 16. Nd3 f5 17. exf5 Bxf5 18. Ne4 h6 19. f3 Nf6 20. Ndf2 Nbd7 21. Qe2 Nxe4 22. Nxe4 Nf6 23. Bd2 Qe8 24. Rae1 Qg6 25. Bc3 Nxe4 26. fxe4 Bg4 27. Qd3 Bg5 28. Bd2 Bxd2 29. Qxd2 Qh5 30. Rf2 Rxf2 31. Qxf2 Rf8 32. Qe3 Bh3 33. Qe2 Bg4 34. Qe3 Bd1 35. Qa3 Bf3 36. Qe3 Bd1 37. Qa3 Be2 38. Qc3 Rf6 39. Qc2 Bf3 40. Rf1 Bxg2 41. Rxf6 gxf6 42. Kxg2 Kg7 43. Qf2 Qd1 44. Qf5 Qe2+ 45. Kh3 Qxc4 46. Qd7+ Kg6 47. Qg4+ Kf7 48. Qd7+ Kg6 49. Qg4+ Kf7 50. Qd7+ Kg8 51. Qe8+ Kg7 52. Qd7+ Kg6 1/2-1/2


[Site "https://www.chess.com"]

[Event "Titled Tuesday Blitz October 31 Early 2023"]
[White "Kopczynski, Michal"]
[Black "Gorovets, Andrey"]
[WhiteFideId "1124200"]
[BlackFideId "13504037"]
[WhiteElo "2479"]
[BlackElo "2749"]
[Result "0-1"]
[Round "3"]
[TimeControl "180+1"]
[Date "2023.10.31"]
[WhiteClock "0:00:25"]
[BlackClock "0:01:11"]
[Board "77"]

1. e4 c5 2. d4 cxd4 3. c3 Nf6 4. Bd3 dxc3 5. Nxc3 Nc6 6. f4 d6 7. Nf3 g6 8. O-O Bg7 9. Kh1 O-O 10. Qe1 Bg4 11. Be3 Nb4 12. Bb1 Bxf3 13. Rxf3 d5 14. e5 d4 15. exf6 Bxf6 16. Ne4 dxe3 17. Nxf6+ exf6 18. Bxg6 hxg6 19. Qxb4 Re8 20. Re1 Qd2 21. Qc3 Rad8 22. Kg1 Qxc3 23. bxc3 Rd3 24. c4 Re4 25. c5 Rc3 26. g3 Kf8 27. Re2 Ke8 28. h4 f5 29. Kg2 Kd7 30. Kh3 Kc6 31. g4 fxg4+ 32. Kxg4 Kxc5 33. Kg5 Kd4 34. Kf6 Rc7 35. f5 gxf5 36. h5 Kd3 37. Re1 Kd2 38. Kxf5 Kxe1 39. Kxe4 e2 40. h6 Re7+ 41. Kf5 Kd2 42. Rf2 Kd1 43. h7 Re8 0-1


[Site "https://www.chess.com"]

[Event "Titled Tuesday Blitz October 31 Early 2023"]
[White "mind1mover"]
[Black "Martins, Bruno Andre Leite"]
[BlackFideId "1942255"]
[WhiteElo "2746"]
[BlackElo "2479"]
[Result "1-0"]
[Round "3"]
[TimeControl "180+1"]
[Date "2023.10.31"]
[WhiteClock "0:00:02"]
[BlackClock "0:00:04"]
[Board "78"]

1. Nf3 Nc6 2. b3 e5 3. Bb2 e4 4. Nd4 Nf6 5. e3 Bc5 6. Nf5 Bf8 7. d3 exd3 8. Bxd3 g6 9. Nd4 Bg7 10. Nxc6 bxc6 11. O-O d5 12. c4 O-O 13. h3 Be6 14. Nd2 a5 15. cxd5 cxd5 16. Rc1 Qd6 17. Nf3 c5 18. Ba3 Rfc8 19. Nd4 a4 20. bxa4 Nd7 21. Bb5 Nb6 22. Nb3 Nxa4 23. Bxa4 Rxa4 24. Bxc5 Qa6 25. a3 Rc4 26. Bb4 d4 27. exd4 Rxc1 28. Nxc1 Rd8 29. Bc5 Bf8 30. Qc2 Bxc5 31. Qxc5 Rd5 32. Qc3 Ra5 33. d5 Rxd5 34. Qb2 Ra5 35. Ne2 Rxa3 36. Nf4 Ra2 37. Qb8+ Qc8 38. Qe5 Bc4 39. Rc1 Qa6 40. Qe8+ Kg7 41. Qe5+ Kg8 42. Qd4 Be6 43. Qd8+ Kg7 44. Qd4+ Kg8 45. Rc7 h5 46. h4 Ra4 47. Qd8+ Kg7 48. Qg5 Bc4 49. Nxh5+ Kf8 50. Qh6+ Ke8 51. Qh8# 1-0


[Site "https://www.chess.com"]

[Event "Titled Tuesday Blitz October 31 Early 2023"]
[White "Schmakel, Sam"]
[Black "Tikhonov, Viacheslav"]
[WhiteFideId "2039311"]
[BlackFideId "44196407"]
[WhiteElo "2733"]
[BlackElo "2474"]
[Result "1-0"]
[Round "3"]
[TimeControl "180+1"]
[Date "2023.10.31"]
[WhiteClock "0:01:15"]
[BlackClock "0:00:05"]
[Board "79"]

1. d4 Nf6 2. c4 g6 3. f3 e6 4. e4 d5 5. e5 Nh5 6. Nh3 c5 7. cxd5 exd5 8. g4 Qh4+ 9. Nf2 Ng7 10. Nc3 Be6 11. Qb3 Qe7 12. Nxd5 Bxd5 13. Qxd5 cxd4 14. Bb5+ Nd7 15. Ne4 Qb4+ 16. Bd2 Qe7 17. Bxd7+ Qxd7 18. Nf6+ Ke7 19. Qxd7# 1-0


[Site "https://www.chess.com"]

[Event "Titled Tuesday Blitz October 31 Early 2023"]
[White "Maximov, Dmitry"]
[Black "LouieKov2022"]
[WhiteFideId "14105659"]
[WhiteElo "2719"]
[BlackElo "2469"]
[Result "1-0"]
[Round "3"]
[TimeControl "180+1"]
[Date "2023.10.31"]
[WhiteClock "0:00:55"]
[BlackClock "0:00:04"]
[Board "80"]

1. e4 c5 2. Nf3 d6 3. c3 Nf6 4. Bc4 e6 5. Bd3 Nc6 6. Bc2 g6 7. d4 cxd4 8. cxd4 Bg7 9. Nc3 O-O 10. O-O a6 11. h3 b5 12. Bg5 Bb7 13. Qd2 Qb6 14. Rad1 Rac8 15. Rfe1 Na5 16. Bd3 Rfe8 17. b3 Nc6 18. Bb1 Ne7 19. Rc1 Rc7 20. d5 e5 21. b4 Rc4 22. a3 Qd8 23. Bd3 Rc8 24. a4 bxa4 25. Nxa4 Nd7 26. Rxc8 Qxc8 27. Rc1 Qb8 28. Qe3 f6 29. Bh6 Bxh6 30. Qxh6 Rc8 31. h4 Rxc1+ 32. Qxc1 Bc8 33. Qa3 Nb6 34. Nb2 Qa7 35. Nd2 Kg7 36. b5 a5 37. Qxd6 Kf7 38. Ndc4 Nxc4 39. Nxc4 Qd4 40. Qa3 Bd7 41. b6 a4 42. b7 1-0


[Site "https://www.chess.com"]

[Event "Titled Tuesday Blitz October 31 Early 2023"]
[White "BardArtem"]
[Black "Maris, Ivo"]
[BlackFideId "1028146"]
[WhiteElo "2712"]
[BlackElo "2465"]
[Result "0-1"]
[Round "3"]
[TimeControl "180+1"]
[Date "2023.10.31"]
[WhiteClock "0:00:00"]
[BlackClock "0:02:03"]
[Board "82"]

1. e4 g6 2. d4 Bg7 3. Nc3 a6 4. h4 h6 5. h5 g5 6. f4 gxf4 7. Bxf4 d6 8. Nf3 b5 9. Bd3 Nf6 10. Qd2 c5 11. dxc5 dxc5 12. e5 Ng4 13. O-O-O c4 14. Be4 Qxd2+ 15. Rxd2 Ra7 16. e6 Nd7 17. exd7+ Bxd7 18. Rhd1 Nf6 19. Bc6 e6 20. Bb8 Bxc6 21. Bxa7 O-O 22. Rd8 Nxh5 23. Rxf8+ Kxf8 24. Rd6 Bb7 25. Rb6 Bxf3 26. gxf3 Nf4 27. Rxa6 h5 28. Bc5+ Kg8 29. Nxb5 h4 30. Bd6 e5 31. Ra3 h3 32. Re3 h2 33. Re1 Ne2+ 34. Kd1 Ng1 35. Bc5 h1=Q 36. Bxg1 Qxf3+ 37. Kc1 Bh6+ 38. Kb1 Bd2 39. Bf2 Qxf2 0-1


[Site "https://www.chess.com"]

[Event "Titled Tuesday Blitz October 31 Early 2023"]
[White "PoXerStar"]
[Black "Djokic, Mihailo"]
[BlackFideId "976440"]
[WhiteElo "2456"]
[BlackElo "2701"]
[Result "0-1"]
[Round "3"]
[TimeControl "180+1"]
[Date "2023.10.31"]
[WhiteClock "0:00:08"]
[BlackClock "0:02:19"]
[Board "84"]

1. d4 Nf6 2. Nc3 d5 3. Bf4 g6 4. e3 Bg7 5. h4 h5 6. Nf3 O-O 7. Qd2 c5 8. dxc5 Nbd7 9. O-O-O Nxc5 10. Nxd5 Nxd5 11. Qxd5 Qb6 12. Be5 Be6 13. Qd2 Ne4 14. Qd4 Bxe5 15. Qxe5 Nxf2 16. Bd3 Nxh1 17. Rxh1 Rad8 18. Kb1 Rd5 19. Qf4 Rfd8 20. Qh6 Rxd3 21. cxd3 Qa5 22. b3 Qc3 23. d4 Bf5+ 0-1


[Site "https://www.chess.com"]

[Event "Titled Tuesday Blitz October 31 Early 2023"]
[White "Jakubowski, Krzysztof"]
[Black "Deuterio010"]
[WhiteFideId "1112848"]
[WhiteElo "2698"]
[BlackElo "2455"]
[Result "0-1"]
[Round "3"]
[TimeControl "180+1"]
[Date "2023.10.31"]
[WhiteClock "0:00:12"]
[BlackClock "0:00:14"]
[Board "85"]

1. e4 c5 2. Nf3 g6 3. d4 cxd4 4. Nxd4 Nf6 5. Nc3 Nc6 6. Nxc6 bxc6 7. e5 Ng8 8. Bc4 d5 9. exd6 Qxd6 10. Qf3 Nf6 11. Bf4 Qc5 12. Qe2 Bg7 13. O-O-O O-O 14. Be5 Bf5 15. f3 Rad8 16. g4 Bc8 17. h4 h5 18. g5 Nd7 19. Bxg7 Kxg7 20. Ne4 Qe5 21. Kb1 Nb6 22. Bb3 Bf5 23. a4 Nd5 24. Qf2 Rd7 25. Nc5 Rc7 26. Rhe1 Qd6 27. Qd4+ Kg8 28. Na6 Rb7 29. Ka1 Qf4 30. Bxd5 Qxd4 31. Bxf7+ Rxf7 32. Rxd4 Bxc2 33. Rd8+ Kg7 34. Nc5 Rb4 35. Ne6+ Kh7 36. b3 Bxb3 37. Nf8+ Kg7 38. Ne6+ Bxe6 39. Rxe6 Rxa4+ 40. Kb2 Rxh4 41. Rxc6 Rh2+ 42. Kc3 Rxf3+ 43. Kb4 Rb2+ 44. Ka4 Rb6 45. Rc7 Kf7 46. Rcc8 Rf4+ 47. Ka3 Rf5 48. Rf8+ Ke6 49. Rg8 Ra5# 0-1


[Site "https://www.chess.com"]

[Event "Titled Tuesday Blitz October 31 Early 2023"]
[White "Ovetchkin, Roman"]
[Black "Herman, Daniel"]
[WhiteFideId "4119991"]
[BlackFideId "30935008"]
[WhiteElo "2687"]
[BlackElo "2452"]
[Result "1-0"]
[Round "3"]
[TimeControl "180+1"]
[Date "2023.10.31"]
[WhiteClock "0:00:24"]
[BlackClock "0:00:00"]
[Board "86"]

1. d4 g6 2. e4 Bg7 3. Nc3 d6 4. Be3 a6 5. f4 b5 6. Bd3 Bb7 7. Nf3 Nf6 8. e5 Nd5 9. Nxd5 Bxd5 10. a4 b4 11. Qe2 O-O 12. O-O c5 13. dxc5 dxe5 14. Nxe5 Nc6 15. Nxc6 Bxc6 16. Bxa6 Bxb2 17. Rad1 Qc7 18. Bb5 Rfd8 19. Qc4 Bc3 20. Rd3 Rxd3 21. cxd3 Rd8 22. Bxc6 Qxc6 23. Qb5 Qd5 24. c6 Bd4 25. Bxd4 Qxd4+ 26. Kh1 Qc3 27. h3 Rc8 28. Rb1 Rxc6 29. Qxb4 Qxd3 30. Qb8+ Kg7 31. Qe5+ Kh6 32. Ra1 Qf5 33. Qxe7 Ra6 34. Qf8+ Kh5 35. g4+ 1-0


[Site "https://www.chess.com"]

[Event "Titled Tuesday Blitz October 31 Early 2023"]
[White "Liu, Casper"]
[Black "Preotu, Razvan"]
[WhiteFideId "1454153"]
[BlackFideId "2613280"]
[WhiteElo "2447"]
[BlackElo "2686"]
[Result "0-1"]
[Round "3"]
[TimeControl "180+1"]
[Date "2023.10.31"]
[WhiteClock "0:00:00"]
[BlackClock "0:00:36"]
[Board "87"]

1. e4 c5 2. d4 cxd4 3. Qxd4 Nc6 4. Qe3 Nf6 5. Nc3 d5 6. exd5 Nxd5 7. Nxd5 Qxd5 8. Qb3 Qxb3 9. axb3 Nb4 10. Ra4 e6 11. Bb5+ Bd7 12. Bxd7+ Kxd7 13. Bd2 Nxc2+ 14. Kd1 b5 15. Rh4 Na1 16. Rd4+ Ke8 17. Rd3 Rd8 18. Rxd8+ Kxd8 19. b4 Nb3 20. Bc3 a5 21. bxa5 b4 22. Kc2 Nxa5 23. Bd4 Nc6 24. Nf3 Nxd4+ 25. Nxd4 Bc5 26. Rd1 Ke7 27. Nc6+ Kf6 28. Rd8 Rxd8 29. Nxd8 Bxf2 30. Kb3 Bg1 31. h3 Bc5 32. Nc6 e5 33. Nxb4 Bxb4 34. Kxb4 Ke6 35. Kc4 Kd6 36. b3 f5 0-1


[Site "https://www.chess.com"]

[Event "Titled Tuesday Blitz October 31 Early 2023"]
[White "Buchenau, Frank"]
[Black "Xtrmntr78"]
[WhiteFideId "4604350"]
[WhiteElo "2447"]
[BlackElo "2681"]
[Result "1-0"]
[Round "3"]
[TimeControl "180+1"]
[Date "2023.10.31"]
[WhiteClock "0:00:20"]
[BlackClock "0:00:08"]
[Board "88"]

1. e4 e5 2. Bc4 Nf6 3. d3 Bc5 4. Nf3 Nc6 5. O-O h6 6. c3 d6 7. Re1 O-O 8. Nbd2 Be6 9. b4 Bb6 10. a4 a6 11. Bxe6 fxe6 12. Nc4 Ba7 13. Be3 Ne7 14. Bxa7 Rxa7 15. b5 b6 16. d4 exd4 17. Nxd4 Qd7 18. e5 dxe5 19. Nxe5 Qd6 20. Nec6 Nxc6 21. Rxe6 Qc5 22. Rxc6 Qd5 23. Ne6 Qxd1+ 24. Rxd1 Rf7 25. Rd8+ Kh7 26. Nf8+ Kg8 27. Nd7+ Kh7 28. Nxf6+ gxf6 29. g3 axb5 30. axb5 f5 31. Kg2 f4 32. Rd3 fxg3 33. hxg3 Ra2 34. Rf3 Rg7 35. Rff6 h5 36. Rh6+ Kg8 37. Rcf6 Rc2 38. Rf3 Rg5 39. Rc6 Rxb5 40. Rxc7 Re5 41. Rd3 Re8 42. Rdd7 h4 43. Rg7+ Kf8 44. Rcf7# 1-0


[Site "https://www.chess.com"]

[Event "Titled Tuesday Blitz October 31 Early 2023"]
[White "BashirovKemal"]
[Black "Rios Escobar, Adan"]
[BlackFideId "3403645"]
[WhiteElo "2673"]
[BlackElo "2446"]
[Result "1-0"]
[Round "3"]
[TimeControl "180+1"]
[Date "2023.10.31"]
[WhiteClock "0:00:23"]
[BlackClock "0:00:11"]
[Board "89"]

1. d4 Nf6 2. c4 g6 3. Nc3 d5 4. Nf3 Bg7 5. Qb3 dxc4 6. Qxc4 Be6 7. Qb5+ Nbd7 8. d5 Bf5 9. Qa4 O-O 10. e4 Nc5 11. Qd1 Nfxe4 12. Bd2 Re8 13. Bc4 e6 14. O-O exd5 15. Nxd5 Bg4 16. Bf4 Ne6 17. Be3 c6 18. Nb4 Bxb2 19. Rb1 Qxd1 20. Rfxd1 Nc3 21. Rd2 Nxb1 22. Rxb2 Nc3 23. Ne5 Bf5 24. g4 Be4 25. Nd7 Kg7 26. Bxe6 Nd1 27. Bd4+ Kg8 28. Nf6+ Kf8 29. Nxe8 Rxe8 30. Rd2 Bf3 31. Rd3 Be2 32. Bb3 Bxd3 33. Nxd3 Rd8 34. Bc5+ Kg8 35. Ne5 Nc3 36. Nxf7 Rd2 37. Ng5+ Kg7 38. Nf3 Ne2+ 39. Kf1 Nf4 40. Nxd2 Nd3 41. Bd4+ Kh6 42. Ke2 Nf4+ 43. Kf3 Nh3 44. Be3+ g5 45. Bc4 b5 46. Bd3 a5 47. Kg2 Nf4+ 48. Bxf4 gxf4 49. Kf3 a4 50. Kxf4 a3 51. Nb3 b4 52. Bc4 Kg7 53. Kg5 h6+ 54. Kf5 Kh7 55. Kf6 c5 56. Ke6 h5 57. g5 Kg6 58. f4 h4 59. Nxc5 Kh5 60. Be2+ Kg6 61. f5+ Kxg5 62. f6 Kf4 63. f7 Ke3 64. f8=Q Kxe2 65. Qf4 h3 66. Qg3 b3 67. Qxb3 Kf2 68. Qxh3 Kg1 69. Qg3+ Kh1 70. Qh4 Kg1 71. h3 Kh1 72. Qg4 Kh2 73. h4 Kh1 74. h5 Kh2 75. h6 Kh1 76. h7 Kh2 77. Qf3 Kg1 78. Qxa3 Kg2 79. Qe3 Kf1 80. a3 Kg2 81. a4 Kf1 82. a5 Kg2 83. a6 Kf1 84. a7 Kg2 85. a8=Q+ Kf1 86. Qh1# 1-0


[Site "https://www.chess.com"]

[Event "Titled Tuesday Blitz October 31 Early 2023"]
[White "Rosh Jain"]
[Black "Janaszak, Dawid"]
[WhiteFideId "25789465"]
[BlackFideId "1119206"]
[WhiteElo "2444"]
[BlackElo "2665"]
[Result "0-1"]
[Round "3"]
[TimeControl "180+1"]
[Date "2023.10.31"]
[WhiteClock "0:00:52"]
[BlackClock "0:02:18"]
[Board "90"]

1. e3 g6 2. d3 Bg7 3. Nd2 c5 4. Ne2 Nc6 5. g3 h5 6. Bg2 h4 7. O-O Nf6 8. c3 d5 9. e4 hxg3 10. hxg3 e5 11. exd5 Nxd5 12. Nc4 Bg4 13. Bg5 Qxg5 14. Bxd5 Qh5 15. Re1 Qh2+ 16. Kf1 Bh3+ 17. Bg2 Qxg2# 0-1


[Site "https://www.chess.com"]

[Event "Titled Tuesday Blitz October 31 Early 2023"]
[White "Juicy_Fork"]
[Black "Kleiman, Jake"]
[BlackFideId "2020041"]
[WhiteElo "2443"]
[BlackElo "2661"]
[Result "0-1"]
[Round "3"]
[TimeControl "180+1"]
[Date "2023.10.31"]
[WhiteClock "0:01:04"]
[BlackClock "0:02:38"]
[Board "91"]

1. e4 e5 2. Nf3 Nc6 3. Bb5 a6 4. Ba4 Nf6 5. O-O b5 6. Bb3 Bc5 7. a4 Rb8 8. c3 d6 9. d4 Bb6 10. axb5 axb5 11. Qd3 Bd7 12. Bg5 h6 13. Bxf6 Qxf6 14. d5 Ne7 15. Nbd2 g5 16. c4 g4 17. Ne1 Ng6 18. g3 h5 19. Kg2 h4 20. f3 hxg3 21. hxg3 gxf3+ 22. Nexf3 Bh3+ 0-1


[Site "https://www.chess.com"]

[Event "Titled Tuesday Blitz October 31 Early 2023"]
[White "Parkhov, Yair"]
[Black "Leyva Rivera, Yunier"]
[WhiteFideId "2813408"]
[BlackFideId "3505065"]
[WhiteElo "2659"]
[BlackElo "2435"]
[Result "1-0"]
[Round "3"]
[TimeControl "180+1"]
[Date "2023.10.31"]
[WhiteClock "0:00:03"]
[BlackClock "0:00:43"]
[Board "92"]

1. e4 c5 2. Nf3 d6 3. Bb5+ Nd7 4. a4 Nf6 5. Nc3 e6 6. O-O Be7 7. d4 cxd4 8. Qxd4 O-O 9. Rd1 a6 10. Bf1 Qc7 11. Qc4 Qb8 12. Bf4 Ne5 13. Nxe5 dxe5 14. Be3 b6 15. f3 Bd7 16. Qb3 Bd8 17. Bf2 Bc6 18. Rd2 Bc7 19. Rad1 Qb7 20. Nb1 h5 21. Nc3 Rad8 22. Qc4 Rxd2 23. Rxd2 b5 24. axb5 axb5 25. Nxb5 Ba5 26. Rd1 Rb8 27. Nd6 Qc7 28. b3 Rd8 29. Nb5 Bxb5 30. Qxc7 Rxd1 31. Qb8+ Be8 32. Bh4 Bd2 33. Kf2 g5 34. Ke2 Re1+ 35. Bxe1 1-0


[Site "https://www.chess.com"]

[Event "Titled Tuesday Blitz October 31 Early 2023"]
[White "spiritof_stlouis"]
[Black "Bao, Qilin"]
[BlackFideId "8605750"]
[WhiteElo "2439"]
[BlackElo "2658"]
[Result "0-1"]
[Round "3"]
[TimeControl "180+1"]
[Date "2023.10.31"]
[WhiteClock "0:01:53"]
[BlackClock "0:01:52"]
[Board "93"]

1. Nf3 Nf6 2. d4 b6 3. Bf4 Bb7 4. e3 g6 5. Be2 Bg7 6. O-O O-O 7. Nbd2 d6 8. c3 c5 9. h3 Nbd7 10. a4 a6 11. Bh2 Ra7 12. Ne1 Qa8 13. Bf3 Rb8 14. Qb3 b5 15. axb5 axb5 16. Rxa7 Qxa7 17. Bxb7 Rxb7 18. Nc2 c4 19. Qb4 Nd5 20. Qa3 Qxa3 21. Nxa3 f5 22. Ra1 Ra7 23. Kf1 N7b6 24. Rc1 Ra5 25. Ke2 Na4 26. Rc2 Naxc3+ 27. bxc3 Rxa3 28. Nb1 Rb3 29. Rc1 Rxb1 0-1


[Site "https://www.chess.com"]

[Event "Titled Tuesday Blitz October 31 Early 2023"]
[White "Kostiukov, Alexandr"]
[Black "Diaz Perez, Michel Alejandro"]
[WhiteFideId "14108100"]
[BlackFideId "3517179"]
[WhiteElo "2433"]
[BlackElo "2645"]
[Result "0-1"]
[Round "3"]
[TimeControl "180+1"]
[Date "2023.10.31"]
[WhiteClock "0:00:02"]
[BlackClock "0:01:41"]
[Board "94"]

1. g3 Nf6 2. Bg2 e6 3. d3 d5 4. e4 dxe4 5. dxe4 Qxd1+ 6. Kxd1 Nc6 7. f3 h5 8. h4 Bc5 9. c3 a5 10. a4 b6 11. Nh3 Ba6 12. Bf1 O-O-O+ 13. Nd2 Bxf1 14. Rxf1 Ne5 15. Ke2 Rd7 16. Nb3 Be7 17. Bg5 Nc4 18. Rab1 Rhd8 19. Nf2 Ng8 20. Rfd1 f6 21. Rxd7 Rxd7 22. Be3 Bd6 23. f4 f5 24. e5 Be7 25. Nd3 Nh6 26. Nd2 Nxd2 27. Bxd2 Ng4 28. Be3 Kb7 29. b3 Kc6 30. Rd1 Kb7 31. Nb2 Kc6 32. Rxd7 Kxd7 33. Bg1 Kc6 34. Nc4 Kd5 35. Ne3+ Nxe3 36. Kxe3 Bc5+ 0-1


[Site "https://www.chess.com"]

[Event "Titled Tuesday Blitz October 31 Early 2023"]
[White "Volkov, Maksim"]
[Black "Mrudul Dehankar"]
[WhiteFideId "54123070"]
[BlackFideId "25096990"]
[WhiteElo "2644"]
[BlackElo "2431"]
[Result "1-0"]
[Round "3"]
[TimeControl "180+1"]
[Date "2023.10.31"]
[WhiteClock "0:00:35"]
[BlackClock "0:00:00"]
[Board "95"]

1. e4 c6 2. d4 d5 3. exd5 cxd5 4. Bd3 Nc6 5. c3 Nf6 6. Bf4 Bg4 7. Qb3 Qd7 8. Nd2 e6 9. Ngf3 a6 10. O-O Nh5 11. Ne5 Nxe5 12. Bxe5 Nf6 13. Rfe1 Be7 14. c4 O-O 15. c5 Qc6 16. Qc2 g6 17. b4 Nd7 18. Bg3 Bf6 19. Nb3 b6 20. a4 bxc5 21. bxc5 Bg7 22. Na5 Qc8 23. Rab1 Bxd4 24. c6 Nc5 25. Rb4 Nxd3 26. Qxd3 e5 27. Bxe5 Bxe5 28. Rxe5 Bf5 29. Qc3 Qc7 30. Rb2 Rfe8 31. Rxe8+ Rxe8 32. h3 d4 33. Qd2 d3 34. Rb7 Qe5 35. Rb1 Qd6 36. Rd1 h5 37. Qc3 Kh7 38. Nb7 Qc7 39. Qf6 Rc8 40. Nd6 Be6 41. Nxc8 Qxc8 42. Qc3 Qxc6 43. Qxc6 1-0


[Site "https://www.chess.com"]

[Event "Titled Tuesday Blitz October 31 Early 2023"]
[White "Kuzhylnyi, Oleksandr"]
[Black "crazy_m_attack"]
[WhiteFideId "34110500"]
[WhiteElo "2639"]
[BlackElo "2430"]
[Result "1-0"]
[Round "3"]
[TimeControl "180+1"]
[Date "2023.10.31"]
[WhiteClock "0:01:58"]
[BlackClock "0:01:51"]
[Board "96"]

1. b3 e5 2. Bb2 Nc6 3. c4 Nf6 4. e3 d5 5. cxd5 Nxd5 6. a3 Bd6 7. d3 Be6 8. Nd2 O-O 9. Ngf3 f5 10. Nc4 e4 11. dxe4 fxe4 12. Nfd2 Nxe3 13. Nxe3 Qe8 14. Bc4 Rd8 15. Qg4 1-0


[Site "https://www.chess.com"]

[Event "Titled Tuesday Blitz October 31 Early 2023"]
[White "Leve, Nitai"]
[Black "Skliarov, Viktor"]
[WhiteFideId "2006898"]
[BlackFideId "14106736"]
[WhiteElo "2428"]
[BlackElo "2636"]
[Result "0-1"]
[Round "3"]
[TimeControl "180+1"]
[Date "2023.10.31"]
[WhiteClock "0:00:01"]
[BlackClock "0:00:11"]
[Board "97"]

1. e4 c5 2. Nf3 Nc6 3. d4 cxd4 4. Nxd4 Nf6 5. Nc3 e5 6. Nb3 Bb4 7. Bc4 O-O 8. O-O Bxc3 9. bxc3 Nxe4 10. Ba3 d6 11. Qd3 Nc5 12. Nxc5 dxc5 13. Bxc5 Re8 14. Rab1 b6 15. Qf3 Be6 16. Rfd1 Qf6 17. Qxf6 gxf6 18. Bxe6 Rxe6 19. Be3 Kg7 20. Rd7 Na5 21. Rb4 f5 22. g3 Rc6 23. Rb5 Nc4 24. Bc1 a6 25. Rbd5 Rac8 26. h4 h6 27. Ra7 b5 28. Rdd7 Rf6 29. Rac7 Rxc7 30. Rxc7 Rd6 31. Kg2 Rd1 32. Be3 Nxe3+ 33. fxe3 Rd2+ 34. Kf3 Rxc2 35. Rc5 f6 36. Rc7+ Kg6 37. e4 fxe4+ 38. Kxe4 Rxa2 39. g4 Ra4+ 40. Kf3 Rc4 41. Ra7 Rxc3+ 42. Ke4 Rc4+ 43. Kf3 Ra4 44. Kg3 h5 45. gxh5+ Kxh5 46. Rh7+ Kg6 47. Ra7 a5 48. Ra8 Ra3+ 49. Kf2 b4 50. Rg8+ Kh5 51. Rh8+ Kg6 52. h5+ Kg7 53. Rb8 b3 54. Kg3 b2+ 55. Kg2 Ra2 56. Kg3 a4 57. Kg4 a3 58. Kf5 Ra1 59. Rb7+ Kh6 60. Kxf6 Rf1+ 61. Kxe5 b1=Q 62. Rxb1 Rxb1 0-1


[Site "https://www.chess.com"]

[Event "Titled Tuesday Blitz October 31 Early 2023"]
[White "Matinian, Nikita"]
[Black "Kuznetsova, Olga"]
[WhiteFideId "24129100"]
[BlackFideId "4191323"]
[WhiteElo "2634"]
[BlackElo "2427"]
[Result "1-0"]
[Round "3"]
[TimeControl "180+1"]
[Date "2023.10.31"]
[WhiteClock "0:00:38"]
[BlackClock "0:00:18"]
[Board "98"]

1. e4 e6 2. d4 d5 3. Nc3 dxe4 4. Nxe4 Nd7 5. Nf3 Ngf6 6. Nxf6+ Nxf6 7. Be3 b6 8. Bd3 Bb7 9. Qe2 Be7 10. O-O-O O-O 11. Rhg1 Qd5 12. Kb1 Rfd8 13. Ne5 c5 14. c4 Qd6 15. Bf4 cxd4 16. g4 Nd7 17. g5 Nxe5 18. Bxe5 Qc5 19. f4 g6 20. h4 Bf8 21. h5 Bg7 22. Rdf1 Rd7 23. Qh2 Ba6 24. b3 b5 25. Rh1 Bxe5 26. fxe5 bxc4 27. hxg6 fxg6 28. Bxg6 Qe7 29. Bf7+ Qxf7 30. Rxf7 Rxf7 31. g6 Rg7 32. gxh7+ Kh8 33. Rg1 c3 34. Rxg7 Kxg7 35. Qg1+ Kxh7 36. Qxd4 Rc8 37. Qxa7+ Kg6 38. Qxa6 c2+ 39. Kc1 1-0


[Site "https://www.chess.com"]